 Dungeon Crawl Stone Soup version 0.20-a0-892-gbf43aa3 (webtiles) character file.

184 Foodle the Skirmisher (level 5, -7/51 HPs)
             Began as a Minotaur Gladiator on Mar 18, 2017.
             Mangled by RebelPilot's ghost (13 damage)
             ... on level 3 of the Dungeon.
             The game lasted 00:09:25 (1920 turns).

Foodle the Skirmisher (Minotaur Gladiator)          Turns: 1920, Time: 00:09:25

Health: -7/51      AC:  3    Str: 21    XL:     5   Next: 36%
Magic:  4/4        EV: 13    Int:  5    God:
Gold:   41         SH:  0    Dex: 13    Spells: 4/4 levels left

rFire    + . .     SeeInvis .   a - +0 flail
rCold    . . .     Gourm    .   b - +0 leather armour
rNeg     . . .     Faith    .   (no shield)
rPois    .         Spirit   .   c - +0 hat
rElec    .         Reflect  .   (no cloak)
rCorr    .         Harm     .   (no gloves)
MR       .....                  (no boots)
Stlth    +.........             (no amulet)
Regen    0.2/turn               l - +3 ring of strength
MPRegen  0.1/turn               h - ring of protection from fire

@: no status effects
A: retaliatory headbutt, horns 2
a: no special abilities


You were on level 3 of the Dungeon.
You were not hungry.

You visited 1 branch of the dungeon, and saw 3 of its levels.

You collected 41 gold pieces.

Inventory:

Hand Weapons
 a - a +0 flail (weapon)
Missiles
 d - 3 throwing nets (quivered)
 j - 6 tomahawks
Armour
 b - a +0 leather armour (worn)
 c - a +0 hat (worn)
Jewellery
 h - a ring of protection from fire (left hand)
 l - a +3 ring of strength (right hand)
Wands
 k - a wand of digging (9/24)
Scrolls
 e - a scroll of magic mapping {unknown}
Potions
 i - a potion of flight {unknown}
 n - a potion of curing {unknown}
 r - a potion of mutation {unknown}
Comestibles
 f - a bread ration
 g - 2 meat rations


   Skills:
 + Level 6.5 Fighting
 - Level 4.2 Maces & Flails
 - Level 2.0 Throwing
 - Level 3.2 Dodging


You had 4 spell levels left.
You didn't know any spells.

Dungeon Overview and Level Annotations

Branches:
Dungeon (3/15)

Altars:
Yredelemnul

Annotations:
D:3 RebelPilot's ghost, amateur GrFi


Innate Abilities, Weirdness & Mutations

You reflexively headbutt those who attack you in melee.
You have a pair of horns on your head.


Message History

You hit RebelPilot's ghost.
You headbutt RebelPilot's ghost, but do no damage.
RebelPilot's ghost is severely damaged.
RebelPilot's ghost hits you!
* * * LOW HITPOINT WARNING * * *
You hit RebelPilot's ghost but do no damage.
Your headbutt misses RebelPilot's ghost.
RebelPilot's ghost is severely damaged.
RebelPilot's ghost barely misses you.
You hit RebelPilot's ghost but do no damage.
RebelPilot's ghost is severely damaged.
RebelPilot's ghost closely misses you. You furiously retaliate!
You headbutt RebelPilot's ghost, but do no damage.
Quivering
d - 3 throwing nets for throwing.
Throwing (i - inventory. (,) - cycle):
d - 3 throwing nets (quivered)
Press: ? - help, Shift-Dir - straight line, f - RebelPilot's ghost
Aim: RebelPilot's ghost (severely damaged, immune to nets)
Okay, then.
RebelPilot's ghost hits you!
You die...

#..### #.##
#....###..#
###.##....#.####
#...#####......##
#.### ####<.W..
##.## ##.......
#.<.# #.W###.##
###...# #.# .#
#...@.#######.# .
#.#..W##......#
#.#......###### #
#...#### #...#
#...# #...# #...#
#####


You could see RebelPilot's ghost.

Vanquished Creatures
  Jessica (D:2)
  4 gnolls (D:2)
  5 adders (D:2)
  An ooze (D:2)
  3 worms (D:2)
  A dart slug (D:2)
  A leopard gecko (D:1)
  8 bats
  5 giant cockroaches
  4 goblins
  9 hobgoblins
  2 jackals (D:1)
  A ball python (D:2)
  5 frilled lizards
  5 kobolds
  6 rats
61 creatures vanquished.

Notes
Turn   | Place    | Note
-------+----------+-------------------------------------------
     0 | D:1      | Foodle the Minotaur Gladiator began the quest for the Orb.
     0 | D:1      | Reached XP level 1. HP: 18/18 MP: 0/0
   175 | D:1      | Reached XP level 2. HP: 24/25 MP: 1/1
   301 | D:1      | Reached skill level 3 in Fighting
   576 | D:2      | Reached XP level 3. HP: 27/33 MP: 2/2
   714 | D:2      | Found a basalt altar of Yredelemnul.
   722 | D:2      | Reached skill level 4 in Fighting
  1027 | D:2      | Noticed Jessica
  1035 | D:2      | Killed Jessica
  1035 | D:2      | Reached skill level 5 in Fighting
  1035 | D:2      | Reached XP level 4. HP: 27/42 MP: 3/3
  1617 | D:2      | Reached XP level 5. HP: 40/50 MP: 4/4
  1693 | D:2      | Reached skill level 6 in Fighting
  1893 | D:3      | Noticed RebelPilot's ghost (amateur GrFi)
  1920 | D:3      | Mangled by RebelPilot's ghost

Vault maps used:
D:1:      ncdulo_wetmaze, serial_glass, glass_columns_c, glass_columns_b,
          minmay_misc_feat_diagonals
D:2:      cheibrodos_helix_gallery, lemuel_crystal_altar, uniq_jessica
D:3:      tgw_sif, st_stairs_14

Skill      XL: |  1  2  3  4  5 |
---------------+----------------+-----
Maces & Flails | 4 |  4.2
Fighting       | 3 5 6 |  6.5
Throwing       | |  2.0
Dodging        | |  3.2

Action                   |  1- 3 |  4- 6 || total
-------------------------+-------+-------++-------
Melee: Flail             |    84 |    66 ||   150
       Headbutt          |    14 |    13 ||    27
  Use: Scroll            |       |     5 ||     5
  Eat: Royal jelly       |       |     1 ||     1
       Chunk             |       |     1 ||     1
Armor: Leather armour    |    27 |    13 ||    40
Dodge: Dodged            |    52 |    46 ||    98
